AoeStats
← 落花之情

Arena

504861157Analyzed
4v4 RM · 24d ago on Sep 6, 2026· 42m 0s· 8 players
Game mode
Random Map
Map size
Large (8 player)
Population
200
Speed
Normal
Resources
Standard
Victory
Conquest
Starting age
Dark Age
Ending age
Imperial Age
RankedLock teamsTeams togetherTeam positionsShared explorationLock speedFull tech treeHidden civsTurbo modeCheats
Victory
Defeat
🇩🇪 Chinese · Germany
1759
+12
🇧🇴 Maya · Bolivia
1707
+14
🇵🇪 Magyars · Peru
1621
+17
🇨🇳 Hindustanis · China
1572
+19
🇩🇪 Poles · Germany
1815
-23
🇺🇸 Goths · United States
1652
-15
🇮🇹 Koreans · Italy
1649
-15
🇮🇹 Burgundians · Italy
1487
-9
Ohlan100
10:43 Feudal Age
14:15 Castle Age
12:17 Double-Bit Axe
12:56 Horse Collar
15:20 Bow Saw
15:12 Heavy Plow
20:19 Wheelbarrow
22:18 Gold Mining
23:01 Stone Mining
24:03 Hand Cart
24:03 Loom
25:11 Stone Shaft Mining
28:53 Imperial Age
26:38 Forging
25:56 Man-at-Arms
28:20 Iron Casting
27:46 Scale Mail Armor
28:41 Chain Mail Armor
28:28 Anarchy
28:48 Squires
30:55 Perfusion
30:17 Elite Huskarl
32:45 Blast Furnace
31:08 Long Swordsman
31:52 Two-Handed Swordsman
34:12 Champion
36:00 Coinage
35:59 Perfusion
37:02 Caravan
MrDJM
11:44 Feudal Age
12:35 Double-Bit Axe
12:30 Horse Collar
12:58 Double-Bit Axe
15:26 Castle Age
16:30 Bow Saw
16:20 Heavy Plow
19:05 Wheelbarrow
26:34 Imperial Age
24:29 Loom
24:59 Hand Cart
25:28 Gold Mining
25:44 Fletching
26:23 Bodkin Arrow
28:35 Chemistry
28:25 Scale Mail Armor
27:52 Pikeman
28:33 Squires
28:45 Forging
31:31 Conscription
31:46 Heavy Rocket Cart
33:00 Chain Mail Armor
35:40 Halberdier
37:07 Plate Mail Armor
37:12 Iron Casting
37:27 Siege Engineers
42:17 Shinkichon
RoR | Hellequinn
11:17 Feudal Age
14:57 Castle Age
12:48 Horse Collar
13:22 Double-Bit Axe
16:12 Bow Saw
16:03 Heavy Plow
17:54 Wheelbarrow
17:39 Gold Mining
18:21 Loom
20:35 Stone Mining
20:36 Gold Mining
22:17 Fletching
28:51 Imperial Age
28:07 Hand Cart
31:06 Town Watch
33:42 Conscription
35:36 Scale Barding Armor
35:41 Forging
35:57 Bloodlines
35:08 Light Cavalry
36:02 Husbandry
36:38 Husbandry
36:00 Cavalier
37:14 Szlachta Privileges
37:33 Chain Barding Armor
36:51 Light Cavalry
39:20 Ballistics
42:30 Iron Casting
Monesi28
10:46 Feudal Age
14:42 Castle Age
12:36 Double-Bit Axe
14:00 Horse Collar
16:43 Loom
17:14 Bow Saw
17:06 Town Watch
18:38 Wheelbarrow
23:02 Gold Mining
27:50 Imperial Age
27:58 Imperial Age
26:30 Two-Man Saw
25:32 Stone Mining
26:17 Gold Shaft Mining
26:22 Scale Barding Armor
26:27 Forging
25:44 Cavalier
27:15 Hand Cart
28:09 Masonry
28:44 Chain Barding Armor
29:28 Heavy Plow
30:39 Chemistry
29:55 Light Cavalry
31:40 Elite Skirmisher
32:33 Fletching
35:55 Padded Archer Armor
billy bad beat
0:27 Loom
10:38 Feudal Age
14:20 Castle Age
12:39 Double-Bit Axe
14:56 Town Watch
21:15 Fletching
23:06 Bodkin Arrow
28:03 Padded Archer Armor
32:49 Wheelbarrow
33:50 Horse Collar
38:32 Imperial Age
37:18 Elite Skirmisher
38:15 Thumb Ring
38:54 Ballistics
38:59 Bow Saw
41:52 Chemistry
40:24 Crossbowman
42:41 Hand Cart
3Dominik
5:16 Loom
10:54 Feudal Age
15:09 Castle Age
14:03 Double-Bit Axe
14:02 Horse Collar
23:55 Bow Saw
24:54 Stone Mining
26:24 Husbandry
26:35 Bloodlines
26:18 Gold Mining
27:52 Wheelbarrow
27:36 Light Cavalry
28:57 Town Watch
29:29 Scale Barding Armor
32:44 Imperial Age
30:45 Hand Cart
30:39 Fletching
30:49 Padded Archer Armor
31:23 Bodkin Arrow
31:49 Chain Barding Armor
32:15 Thumb Ring
32:33 Heavy Plow
33:06 Heavy Cavalry Archer
34:13 Parthian Tactics
34:10 Conscription
35:55 Bracer
36:26 Ballistics
36:50 Recurve Bow
39:36 Plate Barding Armor
39:16 Leather Archer Armor
40:16 Two-Man Saw
40:19 Chemistry
39:25 Siege Engineers
40:08 Capped Ram
41:13 Elite Magyar Huszar
42:29 Hoardings
落花之情
9:44 Feudal Age
13:24 Castle Age
11:17 Double-Bit Axe
11:47 Horse Collar
15:38 Bow Saw
19:11 Wheelbarrow
19:23 Heavy Plow
20:06 Town Watch
21:39 Hand Cart
22:01 Town Watch
22:53 Gold Mining
24:55 Gold Shaft Mining
27:29 Imperial Age
25:10 Loom
25:26 Stone Mining
25:50 Padded Archer Armor
26:50 Leather Archer Armor
26:56 Fortified Wall
27:18 Scale Mail Armor
27:28 Forging
28:00 Stone Shaft Mining
29:09 Chemistry
28:32 Chain Mail Armor
29:20 Two-Man Saw
28:25 Squires
28:58 Conscription
27:58 Elite Ghulam
29:49 Iron Casting
32:00 Blast Furnace
31:26 Grand Trunk Road
31:17 Fletching
32:57 Coinage
32:42 Bodkin Arrow
33:00 Masonry
32:43 Arson
34:09 Banking
36:18 Hoardings
35:55 Siege Engineers
36:15 Murder Holes
36:41 Ballistics
36:24 Bracer
37:31 Ring Archer Armor
到
0:29 Loom
11:37 Feudal Age
12:52 Double-Bit Axe
12:55 Horse Collar
15:19 Castle Age
16:28 Bow Saw
20:02 Wheelbarrow
19:57 Stone Mining
26:21 Imperial Age
24:22 Fletching
24:51 Crossbowman
25:28 Bodkin Arrow
25:30 Gold Mining
28:34 Arbalester
29:47 Ballistics
30:55 Chemistry
30:35 Bracer
31:32 Thumb Ring
31:28 Padded Archer Armor
31:29 Scale Mail Armor
31:39 Forging
32:44 Leather Archer Armor
34:23 Masonry
34:08 Murder Holes
34:42 Conscription
35:52 Two-Man Saw
34:53 Heavy Plow
35:43 Hand Cart
35:15 Town Watch
36:01 Ring Archer Armor
35:47 Chain Mail Armor
36:07 Iron Casting
36:18 Capped Ram
39:34 Coinage
39:05 Caravan
38:46 Pikeman
39:27 Squires
39:09 Siege Ram
41:19 Plate Mail Armor
41:49 Blast Furnace
41:33 Banking
Connection lost

Rejoining the realm…

Still unreachable

The connection could not be restored.

Session expired

The server has moved on; the page needs a fresh start.